 Dungeon Crawl Stone Soup version 0.27.1-34-g3ba077fa99 (webtiles) character file.

Game seed: 16634988943634092972

10717 XraM the Carver (level 11, -15/90 HPs)
             Began as a Barachi Berserker on Jan 6, 2022.
             Was an Elder of Trog.
             Demolished by a large abomination (17 damage)
             ... on level 1 of the Abyss.
             The game lasted 01:27:36 (15920 turns).

XraM the Carver (Barachi Berserker)                Turns: 15920, Time: 01:27:37

Health: -15/90     AC: 19    Str: 21    XL:     11   Next: 66%
Magic:  11/11      EV:  7    Int:  9    God:    Trog [****..]
Gold:   688        SH:  0    Dex: 17    Spells: 10/10 levels left

rFire    + . .     SeeInvis .   N - +5 scimitar
rCold    . . .     Faith    .   (no shield)
rNeg     . . .     Spirit   .   R - +0 plate armour {rF+}
rPois    .         Reflect  .   F - +0 helmet
rElec    .         Harm     .   (no cloak)
rCorr    .         Rampage  .   j - +2 pair of gloves
Will     .....                  (no boots)
Stlth    ..........             (no amulet)
HPRegen  0.25/turn              Q - +6 ring of dexterity
MPRegen  0.12/turn              (no ring)

@: on berserk cooldown, slowed, very slow
A: amphibious, slowness 1, strong legs 1, +LOS
a: Hop, Renounce Religion, Berserk, Trog's Hand, Brothers in Arms


You were on level 1 of the Abyss.
You worshipped Trog.
Trog was greatly pleased with you.
You visited 2 branches of the dungeon, and saw 12 of its levels.
You visited the Abyss 1 time.

You collected 688 gold pieces.

Inventory:

Hand Weapons
 E - a +0 hunting sling
 K - a +2 falchion of holy wrath
 N - a +5 scimitar (weapon)
Missiles
 c - 216 stones
 m - 112 sling bullets
 p - 3 throwing nets (quivered)
 r - 29 poisoned darts
 O - 8 javelins
 P - 2 boomerangs of dispersal
Armour
 j - a +2 pair of gloves (worn)
 F - a +0 helmet (worn)
 R - a +0 plate armour of fire resistance (worn)
Jewellery
 a - a ring of fire
 Q - a +6 ring of dexterity (left hand)
Wands
 n - a wand of flame (6)
 A - a wand of paralysis (14)
 B - a wand of digging (5)
 H - a wand of iceblast (6)
Scrolls
 b - 3 scrolls of noise
 f - a scroll of magic mapping {unknown}
 k - a scroll of holy word {unknown}
 o - a scroll of fear {unknown}
 t - 2 scrolls of amnesia
 v - 2 scrolls of fog {unknown}
 y - 2 scrolls of blinking {unknown}
 z - 2 scrolls of silence {unknown}
 C - 2 scrolls of enchant armour {unknown}
 D - 3 scrolls of enchant weapon
 I - 4 scrolls of identify {unknown}
 J - a scroll of acquirement {unknown}
 M - a scroll of immolation {unknown}
Potions
 e - a potion of brilliance {unknown}
 g - 5 potions of might
 h - 2 potions of berserk rage {unknown}
 i - 2 potions of attraction {unknown}
 l - 2 potions of degeneration {unknown}
 q - 3 potions of heal wounds
 s - a potion of resistance {unknown}
 u - 2 potions of haste {unknown}
 w - 3 potions of flight {unknown}
 x - 2 potions of mutation {unknown}
 G - 2 potions of magic {unknown}


   Skills:
 - Level 10.0 Fighting
 + Level 12.5 Long Blades
 + Level 6.7 Throwing
 - Level 10.0 Armour
 - Level 2.1 Dodging
 + Level 7.7 Evocations


You had 10 spell levels left.
You didn't know any spells.
Your spell library was empty.

Dungeon Overview and Level Annotations

Branches:
Dungeon (11/15)            Temple (1/1) D:7            Lair (0/6) D:10
    Orc: D:9-12

Altars:
Ashenzari
Cheibriados
Dithmenos
Gozag
Nemelex Xobeh
Uskayaw
Vehumet
Wu Jian
Yredelemnul
Zin
The Shining One
Beogh
Jiyva

Shops:
D:4 *   D:10 *

Annotations:
D:4 1 exclusion
D:5 Dowan
D:10 2 transporters
D:11 Erolcha


Innate Abilities, Weirdness & Mutations

You are amphibious.
You cover ground slowly.
You can hop short distances.
You have an extended range of vision and can be seen from far away.


Message History

2 spatial vortices and a foxfire come into view.
The spatial maelstrom hits you but does no damage. x2
A starcursed mass splits.
You slice the starcursed mass!!
The starcursed mass is heavily damaged.
The starcursed mass shudders and is absorbed by its neighbour.
The spatial maelstrom hits you. Space bends around you.
The spatial maelstrom hits you but does no damage.
A large abomination comes into view.
A thrashing horror comes into view.
A starcursed mass splits.
The thrashing horror moves out of view.
A spatial vortex comes into view.
You slash the spatial vortex!
The spatial vortex is moderately damaged.
The spatial maelstrom hits you. Space bends around you.
The spatial maelstrom hits you!
* * * LOW HITPOINT WARNING * * *
Space bends around you.
* * * LOW HITPOINT WARNING * * *
A small abomination comes into view.
A large abomination comes into view.
The foxfire dissipates!
A chorus of shrieks assaults your mind.
* * * LOW HITPOINT WARNING * * *
A spatial vortex comes into view.
A spatial vortex comes into view.
You feel a strong urge to attack something.
A starcursed mass splits. x2
A spatial vortex comes into view.
You are no longer berserk.
You are exhausted.
You feel yourself slow down.
A starcursed mass splits.
The spatial maelstrom hits you but does no damage. x2
The spatial vortex hits you but does no damage.
The spatial vortex barely misses you.
A starcursed mass splits.
A deafening chorus of shrieks assaults your mind!
* * * LOW HITPOINT WARNING * * *
The spatial maelstrom hits you!
* * * LOW HITPOINT WARNING * * *
You blink.
The large abomination hits you!
You die...

..
...#...x)#X..
.. ...##XvX#
..# . #
###..#.#Xv#
v#.# .
####.XX##...#
. .#.#...v.v#
#..v..### .
##.ยง#.v.# .
#..#v..###
##..###@.#
#.## ##X# ###
#.# .# . ##


You could see 4 starcursed masses, a spatial maelstrom, 4 spatial vortices, a
large abomination and a worldbinder.

Vanquished Creatures
  Harold (D:8)
  3 two-headed ogres
  Joseph (D:7)
  Maggie (D:8)
  A smoke demon (Abyss:1)
  A komodo dragon (D:10)
  Psyche (D:9)
  An efreet (Abyss:1)
  A freezing wraith (D:8)
  A demonic crawler (Abyss:1)
  An ancient zyme (Abyss:1)
  A hornet (D:5)
  A troll (D:10)
  2 large abominations (Abyss:1)
  3 chaos spawn (Abyss:1)
  A wraith (D:7)
  5 yaks (D:9)
  Menkaure (D:7)
  Edmund (D:6)
  Duvessa (D:6)
  6 orc warriors
  3 ice beasts
  A sky beast (D:5)
  A black bear (D:4)
  A wolf (D:11)
  2 ogres
  5 centaurs
  2 phantoms (D:4)
  2 kobold brigands
  A gnoll sergeant (D:4)
  A bullfrog (D:9)
  3 scorpions
  9 wights
  4 howler monkeys
  2 hounds
  2 centaur zombies
  A small abomination (Abyss:1)
  A centaur skeleton (D:5)
  A jelly (D:7)
  2 bullfrog skeletons
  A gnoll shaman (D:8)
  4 orc priests
  Ijyb (D:4)
  An orc wizard (D:5)
  3 iguanas
  8 gnolls
  6 adders
  A shadow imp (Abyss:1)
  2 white imps (D:11)
  2 ufetubi
  An adder skeleton (D:4)
  A dart slug (D:2)
  29 orcs
  2 endoplasms
  2 giant cockroaches
  5 goblins
  4 quokkas
  3 ball pythons
  5 bats
  5 frilled lizards
  18 kobolds
  5 rats
188 creatures vanquished.

Vanquished Creatures (others)
  A small abomination (Abyss:1)
  2 foxfires (Abyss:1)
  32 plants (D:10)
  2 starspawn tentacles (Abyss:1)
37 creatures vanquished.

Grand Total: 225 creatures vanquished

Notes
Turn   | Place    | Note
-------+----------+-------------------------------------------
     0 | D:1      | XraM the Barachi Berserker began the quest for the Orb.
     0 | D:1      | Reached XP level 1. HP: 18/18 MP: 1/1
   551 | D:1      | Reached XP level 2. HP: 25/25 MP: 2/2
   815 | D:1      | Reached skill level 4 in Long Blades
  1114 | D:1      | Reached ** piety under Trog
  1140 | D:1      | Reached XP level 3. HP: 30/30 MP: 3/3
  1572 | D:2      | Found a radiant altar of Vehumet.
  2639 | D:3      | Found a faded altar of an unknown god.
  2693 | D:3      | Reached XP level 4. HP: 38/38 MP: 4/4
  2934 | D:4      | Found a snail-covered altar of Cheibriados.
  2937 | D:4      | Noticed an ogre
  2971 | D:4      | Found an opulent altar of Gozag.
  3144 | D:4      | Found a sparkling altar of Nemelex Xobeh.
  3144 | D:4      | Found an ornate altar of the Wu Jian Council.
  3171 | D:4      | Found a radiant altar of Vehumet.
  3219 | D:4      | Noticed Ijyb
  3238 | D:4      | Killed Ijyb
  3484 | D:4      | Found Goefaril's CLEARANCE SALE! EVERYTHING MUST GO!.
  3488 | D:4      | Found a broken altar of Ashenzari.
  3572 | D:4      | Noticed a scorpion
  3589 | D:4      | Killed a scorpion
  3590 | D:4      | Reached skill level 5 in Fighting
  3590 | D:4      | Reached skill level 5 in Long Blades
  3590 | D:4      | Reached XP level 5. HP: 44/44 MP: 5/5
  3833 | D:4      | Noticed a phantom
  3976 | D:5      | Entered Level 5 of the Dungeon
  3976 | D:5      | Noticed a black bear
  4064 | D:5      | Noticed an ice beast
  4267 | D:4      | Killed a phantom
  4268 | D:4      | Reached XP level 6. HP: 46/51 MP: 6/6
  4454 | D:5      | Reached skill level 5 in Armour
  4478 | D:5      | Killed an ice beast
  4522 | D:5      | Noticed an orc warrior
  4528 | D:5      | Noticed a water moccasin
  4528 | D:5      | Noticed a two-headed ogre
  4689 | D:4      | Reached skill level 6 in Long Blades
  4716 | D:4      | Killed a black bear
  4717 | D:4      | Reached XP level 7. HP: 58/58 MP: 7/7
  4868 | D:5      | Noticed Edmund
  5101 | D:5      | Noticed a hornet
  5115 | D:5      | Killed a hornet
  5116 | D:5      | Reached skill level 7 in Long Blades
  5116 | D:5      | Reached XP level 8. HP: 67/67 MP: 8/8
  5382 | D:5      | Found a basalt altar of Yredelemnul.
  5384 | D:5      | Found a glowing silver altar of Zin.
  5440 | D:5      | Found a shadowy altar of Dithmenos.
  5442 | D:5      | Found a hide-covered altar of Uskayaw.
  6366 | D:6      | Noticed Duvessa
  6366 | D:6      | Noticed Dowan
  6771 | D:6      | Killed Duvessa
  6772 | D:6      | Reached skill level 8 in Long Blades
  7287 | D:6      | Reached XP level 9. HP: 68/75 MP: 9/9
  7650 | D:6      | Killed Edmund
  7717 | D:7      | Noticed Menkaure
  7739 | D:7      | Killed Menkaure
  7822 | D:7      | Noticed Joseph
  8108 | D:7      | Found a staircase to the Ecumenical Temple.
  8448 | Temple   | Entered the Ecumenical Temple
  8590 | D:7      | Killed Joseph
  8591 | D:7      | Reached skill level 9 in Long Blades
  8652 | D:7      | Noticed a freezing wraith
  9098 | D:8      | Noticed Harold
  9121 | D:8      | Killed Harold
  9122 | D:8      | Reached skill level 10 in Fighting
  9122 | D:8      | Reached skill level 10 in Long Blades
  9141 | D:8      | Reached skill level 1 in Evocations
  9142 | D:8      | Noticed Maggie
  9165 | D:8      | Reached skill level 10 in Armour
  9165 | D:8      | Reached XP level 10. HP: 44/85 MP: 10/10
  9909 | D:9      | Noticed Psyche
  9934 | D:9      | Killed Psyche
  9935 | D:9      | Reached skill level 1 in Throwing
 10426 | D:9      | Noticed a two-headed ogre
 10427 | D:9      | Found a glowing golden altar of the Shining One.
 10793 | D:8      | Reached *** piety under Trog
 11362 | D:7      | Noticed a death knight
 11732 | D:7      | Noticed a phantasmal warrior
 11822 | D:8      | Reached skill level 11 in Long Blades
 12313 | D:8      | Killed Maggie
 12314 | D:8      | Reached skill level 5 in Evocations
 12960 | D:9      | Killed a two-headed ogre
 12961 | D:9      | Reached skill level 5 in Throwing
 12961 | D:9      | Reached XP level 11. HP: 90/90 MP: 11/11
 13357 | D:10     | Entered Level 10 of the Dungeon
 13430 | D:10     | Found Xaiwk's Assorted Antiques.
 13844 | D:10     | Found a staircase to the Lair.
 13934 | D:10     | Found a transporter.
 13935 | D:10     | Found a transporter.
 13939 | D:10     | Found a viscous altar of Jiyva.
 13939 | D:10     | Noticed a glowing orange brain
 13994 | D:10     | Noticed a two-headed ogre
 14174 | D:10     | Noticed a two-headed ogre
 14213 | D:9      | Killed a two-headed ogre
 14214 | D:9      | Reached skill level 12 in Long Blades
 14330 | D:10     | Killed a two-headed ogre
 14456 | D:11     | Noticed Erolcha
 14718 | D:11     | Cast into level 1 of the Abyss (Erolcha)
 14768 | Abyss:1  | Noticed a green death
 14908 | Abyss:1  | Reached **** piety under Trog
 14968 | Abyss:1  | Noticed a dread lich
 14970 | Abyss:1  | Noticed a jiangshi
 14971 | Abyss:1  | Noticed a vampire mage
 15110 | Abyss:1  | Noticed a tentacled starspawn
 15225 | Abyss:1  | Found a corrupted altar of Lugonu.
 15387 | Abyss:1  | Noticed a purple draconian scorcher
 15818 | Abyss:1  | Found a corrupted altar of Lugonu.
 15902 | Abyss:1  | Noticed a starcursed mass
 15908 | Abyss:1  | Noticed a spatial maelstrom
 15911 | Abyss:1  | Noticed a worldbinder
 15911 | Abyss:1  | Noticed a will-o-the-wisp
 15915 | Abyss:1  | Noticed a thrashing horror
 15920 | Abyss:1  | HP: 2/90 [spatial maelstrom (12)]
 15920 | Abyss:1  | Demolished by a large abomination

Illustrated notes

Levels and vault maps discovered:
D:1:      minmay_arrival_split_and_join, layout_basic
D:2:      layout_basic, basic_altar
D:3:      layout_loops_ring, hellmonk_ecumenical_altar_lost_god
D:4:      layout_loops_ring, chequers_temple_overflow_statue_of_worship,
          cheibriados_altar_1, overflow_temple_1_default,
          mainiacjoe_overflow_boulevard, lightli_sewer_entry_pipes,
          dk_noncrumbling_2, nicolae_shop_clearance, uniq_ijyb
D:5:      layout_rooms, nicolae_overflow_hidden_temple, kennysheep_flooded_box,
          uniq_edmund
D:6:      layout_basic, uniq_duvessa
D:7:      layout_cave_pods, minmay_temple_entry_glass, serial_column_ruins,
          column_ruins_square_medium, column_ruins_open_tiny,
          column_ruins_columns_straight, column_ruins_open_tiny,
          column_ruins_grid_4, uniq_joseph, uniq_menkaure
D:8:      layout_basic, special_room [special_room_orc], uniq_harold,
          uniq_maggie
D:9:      layout_basic, overflow_temple_1_default, minmay_misc_feat_tiny,
          uniq_psyche
D:10:     gammafunk_jiyva_shrine, layout_long_grid, david_lair_shrubbed,
          serial_shops, nicolae_shop_overgrown_old_shop
D:11:     layout_loops_ring, serial_ice, serial_ice_n, serial_ice_c,
          serial_ice_a, serial_ice_f, grunt_gozag_statues, uniq_erolcha
Temple:   minmay_temple_curvy_loop
Abyss:1:  base: Temple, guppyfry_abyss_exit_glass_guarded

Skill      XL: |  1  2  3  4  5  6  7  8  9 10 11 |
---------------+----------------------------------+-----
Fighting       | 4 5 6 7 8 10 | 10.0
Long Blades    | 4 5 6 7 8 10 11 12 | 12.5
Armour         | 3 4 5 6 8 10 | 10.0
Evocations     | 1 5 7 |  7.7
Throwing       | 5 6 |  6.7
Dodging        | |  2.1

Action                   |  1- 3 |  4- 6 |  7- 9 | 10-12 || total
-------------------------+-------+-------+-------+-------++-------
Melee: Falchion          |    84 |   119 |   327 |   135 ||   665
       Scimitar          |       |       |       |   211 ||   211
Throw: Throwing net      |       |       |       |     2 ||     2
       Boomerang         |       |       |       |     2 ||     2
Invok: Berserk           |     4 |     5 |    11 |    17 ||    37
       Trog's Hand       |       |       |       |     1 ||     1
 Abil: Hop               |     1 |     2 |     7 |    16 ||    26
Evoke: Wand              |       |     1 |    11 |    10 ||    22
  Use: Scroll            |       |       |     3 |     9 ||    12
       Potion            |       |       |       |    13 ||    13
 Stab: Sleeping          |     1 |       |       |       ||     1
       Paralysed         |       |     8 |     3 |     6 ||    17
       Held in net/web   |       |       |       |     2 ||     2
       Distracted        |       |       |       |     1 ||     1
Armor: Animal skin       |     3 |       |       |       ||     3
       Leather armour    |     6 |       |       |       ||     6
       Ring mail         |     7 |    27 |       |       ||    34
       Chain mail        |       |    32 |    63 |       ||    95
       Plate armour      |       |       |   139 |   204 ||   343
Dodge: Dodged            |    40 |    53 |   121 |    97 ||   311
       Rpst.: Falchion   |    12 |    15 |    28 |    11 ||    66
       Scimitar          |       |       |       |     6 ||     6
